 Seeded DCSS version 0.29.1-12-g30fa7ad0bf (webtiles) character file.

Game seed: 9845822215292249863 (custom seed)

12 OTABOTABOTAB the Insei (level 2, 18/18 HPs)
             Began as an Octopode Transmuter on Jan 10, 2023.
             Quit the game on level 1 of the Dungeon.
             The game lasted 00:00:39 (123 turns).

OTABOTABOTAB the Insei (Octopode Transmuter)         Turns: 123, Time: 00:00:39

Health: 18/18      AC:  1    Str:  9    XL:     2   Next: 33%
Magic:  5/5        EV: 13    Int: 15    God:
Gold:   0          SH:  0    Dex: 12    Spells: 4/5 levels left

rFire   . . .      SeeInvis .     - Unarmed
rCold   . . .      Faith    .   (no shield)
rNeg    . . .      Spirit   .   (helmet restricted)
rPois   .          Reflect  .   (no amulet)
rElec   .          Harm     .   (no ring)
rCorr   .          Rampage  .   (no ring)
Will    .....                   (no ring)
Stlth   ++........              (no ring)
HPRegen 0.06/turn               (no ring)
MPRegen 0.09/turn               (no ring)
                                (no ring)
                                (no ring)

@: no status effects
A: almost no armour, amphibious, 8 rings, camouflage 1, gelatinous body 1,
(nimble swimmer 1), tentacles
a: no special abilities


You were on level 1 of the Dungeon.
You visited 1 branch of the dungeon, and saw 1 of its levels.

Inventory:

Missiles
 s - 2 stones (quivered)
Scrolls
 a - a scroll of teleportation {unknown}
 b - a scroll of identify {unknown}
 c - a scroll of acquirement
Potions
 P - a potion of lignification {!q}


   Skills:
 + Level 1.3 Fighting
 + Level 2.2 Dodging
 + Level 3.1 Unarmed Combat
 + Level 2.1 Spellcasting
 + Level 2.2 Transmutations


You had 4 spell levels left.
You knew the following spells:

 Your Spells              Type           Power      Damage    Failure   Level
a - Beastly Appendage     Tmut           16%        N/A       9%          1

Your spell library contained the following spells:

 Spells                   Type           Power      Damage    Failure   Level
 Wereblood                Tmut           8%         N/A       13%         2
 Spider Form              Tmut/Pois      4%         N/A       38%         3
 Ice Form                 Ice/Tmut       4%         N/A       80%         4


Dungeon Overview and Level Annotations

Branches:
Dungeon (1/15)

Altars:


Innate Abilities, Weirdness & Mutations

You cannot wear most types of armour.
You are amphibious.
You can wear up to eight rings at the same time.
Your skin changes colour to match your surroundings (Stealth+).
Your rubbery body absorbs attacks. (AC +1, EV +1)
((You are camouflaged when in or above water. (Stealth+)))
You have tentacles for arms and can constrict up to eight enemies at once.


Message History

Bad channel name for runrest: 'Jiyva says: Divide and consume' Welcome, OTABOTABOTAB the Octopode Transmuter.
Game seed: 9845822215292249863 (custom seed)
Found three items.
Found a staircase leading out of the dungeon.
a - a scroll labelled ELIAKK XIAPU
b - a scroll labelled OTEOLOMATOH A bat comes into view.
One of your tentacles grows a vicious spike.
You now have 2/3 mp.
The bat closely misses you.
You tentacle-slap the bat. Your grab misses the bat.
Your tentacle spike misses the bat.
The bat completely misses you.
You tentacle-slap the bat. You grab the bat. You squeeze the bat.
You kill the bat!
Unknown command.
No target in view!
No target in view!
Your transformation is almost over.
Your tentacle spike disappears.
A gnoll comes into view. It is wielding a +0 club.
MP restored: 3 Unknown command.
A goblin comes into view. It is wielding a +0 dagger.
One of your tentacles grows a vicious spike.
You now have 2/3 mp.
The helpless gnoll fails to defend itself.
You tentacle-slap the gnoll. You grab the gnoll. You constrict the gnoll.
The gnoll closely misses you.
You tentacle-slap the gnoll but do no damage.
You pierce the gnoll.
You constrict the gnoll. The gnoll misses you.
You tentacle-slap the gnoll.
You pierce the gnoll.
You squeeze the gnoll.
You kill the gnoll!
You have reached level 2!
Health restored: 18 Your transformation is almost over.
The helpless goblin fails to defend itself.
You tentacle-slap the goblin.
You kill the goblin!
Your tentacle spike disappears.
MP restored: 5
Found a stone staircase leading down.
A kobold comes into view. It is wielding a +0 whip.
The helpless kobold fails to defend itself.
You tentacle-slap the kobold.
You kill the kobold!
s - 2 stones (quivered)
You see here a +0 whip.
c - a scroll labelled VOSEFAQATU This is a scroll of acquirement!
Okay, then.

#.. #.. #.#
#.# #.# #
#.##.###. #
##........ .
#. ##.@.# #
#.###..### #
#..#..#####.#
#
#..........#
#
##...#######
#### #>.)#
+..) #.#.# #
#.#.##### #
#.#.....# #


There were no monsters in sight!

Vanquished Creatures
  A gnoll (D:1)
  A goblin (D:1)
  A bat (D:1)
  A kobold (D:1)
4 creatures vanquished.

Notes
Turn   | Place    | Note
-------+----------+-------------------------------------------
     0 | D:1      | OTABOTABOTAB the Octopode Transmuter began the quest for
                  | the Orb.
     0 | D:1      | Reached XP level 1. HP: 13/13 MP: 3/3
    43 | D:1      | Reached XP level 2. HP: 18/18 MP: 3/5
   123 | D:1      | Identified a scroll of acquirement
   123 | D:1      | Quit the game

Illustrated notes

Levels and vault maps discovered:
D:1:      giann_bridges, layout_basic

Action                   || total
-------------------------++-------
Melee: Unarmed           ||     7
       Constrict         ||     2
       Kick              ||     2
       Tentacles         ||     2
 Cast: Beastly Appendage ||     2
 Stab: Sleeping          ||     3
Dodge: Dodged            ||     4

Table legend: (Time is in decaauts)
 A = Elapsed time spent in this place.
 B = Non-inter-level travel time spent in this place.
 C = Inter-level travel time spent in this place.
 D = Time resting spent in this place.
 E = Time spent auto-exploring this place.
 F = Levels seen in this place.
 G = Mean time per level.
                   A        B        C        D        E       F      G
               +--------+--------+--------+--------+--------+-----+--------+
         Total |    122 |    122 |      0 |      0 |     27 |   1 |  122.0 |
       Dungeon |    122 |    122 |      0 |      0 |     27 |   1 |  122.0 |
               +--------+--------+--------+--------+--------+-----+--------+

Top non-repeatable levels by time:
     D:1: 122 daAuts

Table legend:
 A = Kills in this place as a percentage of kills in entire the game.
 B = Kills by you in this place as a percentage of kills by you in the entire game.
 C = Kills by friends in this place as a percentage of kills by friends in the entire game.
 D = Other kills in this place as a percentage of other kills in the entire game.
 E = Experience gained in this place as a percentage of experience gained in the entire game.
 F = Experience gained in this place divided by the number of levels of this place that you have seen.
                   A       B       C       D       E      F
               +-------+-------+-------+-------+-------+----------------------
         Total | 100.0 | 100.0 |   N/A |   N/A | 100.0 |  18.0
       Dungeon | 100.0 | 100.0 |   N/A |   N/A | 100.0 |  18.0
               +-------+-------+-------+-------+-------+----------------------
